 Dungeon Crawl Stone Soup version 0.20-a0-544-g2b9a704 (webtiles) character file.

2726 kroki the Changer (level 9, -4/75 HPs)
             Began as a Demigod Transmuter on Feb 1, 2017.
             Slain by inmateoo's ghost (10 damage)
             ... on level 7 of the Dungeon.
             The game lasted 00:14:45 (11745 turns).

kroki the Changer (Demigod Transmuter)             Turns: 11745, Time: 00:14:46

Health: -4/75      AC:  3    Str: 13    XL:     9   Next: 17%
Magic:  7/15       EV: 15    Int: 23    God:
Gold:   93         SH:  0    Dex: 16    Spells: 1/12 levels left

rFire    . . .     SeeInvis .     - Unarmed
rCold    . . .     Gourm    .   m - +0 leather armour
rNeg     . . .     Faith    .   (shield currently unavailable)
rPois    .         Spirit   .   (no helmet)
rElec    .         Reflect  .   (no cloak)
rCorr    .         Harm     .   (gloves currently unavailable)
MR       .....                  (no boots)
Stlth    ..........             (no amulet)
Regen    0.3/turn               w - ring of loudness (curse) {Stlth-}
                                q - ring of wizardry {Wiz+, !d}

@: blade hands (expiring), very slightly contaminated
A: high mp 1
a: End Transformation


You were on level 7 of the Dungeon.
You were hungry.
You had blades for hands.
You visited 1 branch of the dungeon, and saw 7 of its levels.
You also visited: Sewer.

You collected 288 gold pieces.
You spent 195 gold pieces at shops.

Inventory:

Hand Weapons
 i - a +0 spear
   (You found it on level 1 of the Dungeon)
Missiles
 a - 64 arrows
 l - 2 throwing nets {=f, !d}
Armour
 b - a +1 robe
 m - a +0 leather armour (worn)
   (You found it in a sewer)
Jewellery
 q - a ring of wizardry (left scythe-like blade) {Wiz+, !d}
   (You took it off a goblin on level 3 of the Dungeon)
 w - a cursed ring of loudness (right scythe-like blade) {Stlth-}
   (You took it off a crimson imp on level 5 of the Dungeon)
Scrolls
 f - 3 scrolls of teleportation
 p - 3 scrolls of magic mapping {!r}
 x - a scroll of enchant armour
Potions
 e - a potion of magic
 g - a potion of degeneration {!q}
 j - 2 potions of lignification {!q}
 k - 3 potions of agility
 o - a potion of cancellation {unknown}
 r - 3 potions of heal wounds
 t - 3 potions of flight
 u - 5 potions of curing {unknown}
 v - 2 potions of brilliance {unknown}
 z - 3 potions of might
 A - 2 potions of cure mutation {unknown}
Books
 c - a book of Changes
 n - Sairchat's Compendium of the Traveller and Curses
   (You found it on level 6 of the Dungeon)

   Spells                             Type                      Level
   a - Ensorcelled Hibernation        Hexes/Ice                    2
   b - Blink                          Translocation                2
   c - Summon Guardian Golem          Hexes/Summoning              3
   d - Teleport Other                 Translocation                3
 y - a book of Necromancy
   (You found it on level 6 of the Dungeon)
Comestibles
 d - 3 bread rations {@e1}
 h - 6 fruits
 B - 2 meat rations {@e2}


   Skills:
 + Level 6.1 Fighting
 + Level 6.0 Dodging
 * Level 6.1 Unarmed Combat
 - Level 2.0 Spellcasting
 * Level 6.2 Transmutations


You had one spell level left.
You knew the following spells:

 Your Spells              Type           Power        Failure   Level  Hunger
a - Beastly Appendage     Tmut           ####..       7%          1    #......
c - Spider Form           Tmut/Pois      ###.......   26%         3    ###....
s - Sticks to Snakes      Tmut           ####....     9%          2    ##.....
x - Blade Hands           Tmut           ####......   45%         5    ######.


Dungeon Overview and Level Annotations

Branches:
Dungeon (7/15)
 Temple: D:4-7

Shops:
D:5 (   D:6 !

Annotations:
D:7 inmateoo's ghost, novice BaFi


Innate Abilities, Weirdness & Mutations

You have an increased reservoir of magic. (+10% MP)


Message History

You take 14 damage, and have 46/75 hp.
You punch the orc priest! The orc priest misses you.
You hit the orc priest. The orc closely misses you.
The orc priest hits you but does no damage.
You hit the orc priest. You punch the orc priest.
You kill the orc priest!
The orc misses you.
You create a snake!
You now have 64 arrows.
The orc closely misses you.
You now have 13/15 mp.
You hit the orc.
Your ball python barely misses the orc.
Your ball python closely misses the orc.
You closely miss the orc. The orc closely misses you.
Your ball python misses the orc.
Your ball python grabs the orc.
Your ball python constricts the orc.
You hit the orc.
You kill the orc!
You see here a flail.
There isn't anything to butcher here.
There isn't anything to butcher here.
There isn't anything to butcher here.
There isn't anything to butcher here.
There isn't anything to butcher here.
You swap places.
You see here a whip.
There isn't anything to butcher here.
There isn't anything to butcher here.
There isn't anything to butcher here.
There isn't anything to butcher here.
There isn't anything to butcher here.
You start resting.
Your ball python withers and dies!
Eating one of 3 chunks of flesh {@w0}.
You eat one of the 3 chunks of flesh {@w0}.
You start waiting.
Some of the chunks of flesh in your inventory have rotted away.
All of the chunks of flesh in your inventory have rotted away.
Done waiting.
Unknown command.
Health restored: 75; MP restored: 15
Casting: Sticks to Snakes
Okay, then.
Casting: Sticks to Snakes You miscast Blade Hands.
You are very lightly contaminated with residual magic.
Your hair momentarily turns into snakes!
You now have 10/15 mp.
Your hands turn into razor-sharp scythe blades.
You are feeling hungry.
You now have 5/15 mp.
Unknown command.
There is a stone staircase leading down, spattered with blood here.
You climb downwards.
Level annotation: inmateoo's ghost, novice BaFi Inmateoo's ghost closely misses you.
The orc throws a stone.
The stone misses you. Inmateoo's ghost barely misses you.
There is a stone staircase leading up, spattered with blood here.
You see here a stone.
Unknown command.
You slice inmateoo's ghost!!
The orc throws a stone.
The stone hits you but does no damage. Inmateoo's ghost hits you!
You take 7 damage, and have 68/75 hp.
You hit inmateoo's ghost but do no damage.
The orc throws a stone.
The stone misses you. Inmateoo's ghost hits you!
You take 13 damage, and have 55/75 hp.
You hit inmateoo's ghost. The shadow imp puffs mist at you.
The orc throws a stone.
The stone completely misses you. Inmateoo's ghost hits you.
You take 6 damage, and have 49/75 hp.
You slash inmateoo's ghost!
The orc throws a stone.
The stone misses you.
You barely miss inmateoo's ghost.
You slash inmateoo's ghost, but do no damage.
Inmateoo's ghost misses you.
The orc throws a stone.
The stone closely misses you.
You hit inmateoo's ghost but do no damage.
Inmateoo's ghost hits you.
The orc throws a stone.
The stone misses you.
The shadow imp grinds its teeth.
You take 2 damage, and have 48/75 hp.
You hit inmateoo's ghost but do no damage.
Inmateoo's ghost barely misses you.
The orc throws a stone.
The stone hits you but does no damage.
You hit inmateoo's ghost but do no damage.
Inmateoo's ghost hits you!!
The orc throws a stone.
The stone barely misses you.
You take 18 damage, and have 30/75 hp.
MASSIVE DAMAGE!!
You hit inmateoo's ghost but do no damage.
Inmateoo's ghost hits you!
* * * LOW HITPOINT WARNING * * *
You take 11 damage, and have 19/75 hp.
You slash inmateoo's ghost!
Your transformation is almost over.
Inmateoo's ghost hits you!
* * * LOW HITPOINT WARNING * * *
You take 13 damage, and have 6/75 hp.
You hit inmateoo's ghost but do no damage.
The shadow imp shouts, "Scamper hence, thou peeagling toad-spotted dandiprat!"
The orc throws a stone.
The stone hits you but does no damage. Inmateoo's ghost hits you!
You die...

#.# #.# .. #.#
#.# #.#####.##
#.##.....
#.##.##.#
#.##.##.#
#..(..^.###.#
##[@.......#
#.#W#..###.#
#o#.#..#
#o#$##.#
5o#)##)####
#.#.##....#
#.#.##.)..#
.............#
..5.........


You could see an orc wizard, inmateoo's ghost, a shadow imp and 2 orcs.

Vanquished Creatures
  Sigmund (D:6)
  Eustachio (D:4)
  Duvessa (D:4)
  A sky beast (D:5)
  3 ice beasts
  An orc warrior (D:7)
  2 necrophages (D:6)
  An ogre (D:6)
  A phantom (D:4)
  2 centaurs (D:5)
  A big kobold (Sewer)
  Dowan (D:4)
  A scorpion (D:6)
  4 wights (D:6)
  A howler monkey (D:7)
  3 crimson imps
  2 hounds (D:5)
  2 bullfrog skeletons (D:5)
  4 orc priests
  3 jellies
  3 worker ants
  4 orc wizards
  A worker ant zombie (D:6)
  A gnoll (D:1)
  5 river rats
  9 adders
  A shadow imp (D:5)
  3 oozes
  An adder skeleton (D:4)
  4 worms
  2 dart slugs (D:2)
  7 leopard geckos
  26 orcs
  3 ball pythons (Sewer)
  8 bats
  10 giant cockroaches
  11 goblins
  7 hobgoblins
  2 jackals (D:4)
  27 kobolds
  2 quokkas
  4 frilled lizards
  A jackal skeleton (D:4)
  A leopard gecko skeleton (D:4)
  A quokka skeleton (D:6)
  27 rats
207 creatures vanquished.

Vanquished Creatures (collateral kills)
  2 orc priests (D:4)
  A jelly (D:5)
  A worker ant (D:4)
  An adder (D:5)
  A river rat (Sewer)
  2 leopard geckos
  4 orcs
  A giant cockroach (D:4)
  A jackal (D:4)
  A ball python (Sewer)
  A frilled lizard (D:5)
  3 rats (Sewer)
19 creatures vanquished.

Grand Total: 226 creatures vanquished

Notes
Turn   | Place    | Note
-------+----------+-------------------------------------------
     0 | D:1      | kroki the Demigod Transmuter began the quest for the Orb.
     0 | D:1      | Reached XP level 1. HP: 15/15 MP: 5/5
   239 | D:1      | Reached skill level 3 in Unarmed Combat
   332 | D:1      | Reached XP level 2. HP: 18/22 MP: 4/7
   352 | D:1      | Learned a level 2 spell: Sticks to Snakes
   440 | D:1      | HP: 5/22 [hobgoblin/club (2)]
   443 | D:1      | HP: 2/22 [hobgoblin/club (4)]
  1176 | D:2      | Reached skill level 4 in Unarmed Combat
  1176 | D:2      | Reached XP level 3. HP: 19/27 MP: 8/8
  1228 | D:1      | HP: 2/27 [hobgoblin/club (6)]
  1598 | D:2      | Found a sacrificial altar of Ru.
  1627 | D:2      | Reached XP level 4. HP: 11/34 MP: 9/9
  1847 | D:2      | Learned a level 3 spell: Spider Form
  1894 | D:2      | Reached skill level 1 in Fighting
  3004 | D:2      | Reached skill level 5 in Unarmed Combat
  3200 | D:3      | Reached skill level 2 in Dodging
  3200 | D:3      | Reached skill level 2 in Transmutations
  3200 | D:3      | Reached XP level 5. HP: 36/41 MP: 3/10
  3355 | D:3      | Reached skill level 2 in Fighting
  4769 | D:4      | Noticed Duvessa
  4770 | D:4      | Noticed Dowan
  4782 | D:4      | Killed Duvessa
  4782 | D:4      | Reached XP level 6. HP: 29/50 MP: 4/11
  4787 | D:4      | Killed Dowan
  4787 | D:4      | Reached skill level 3 in Fighting
  4787 | D:4      | Reached skill level 3 in Transmutations
  4884 | D:4      | Reached skill level 3 in Dodging
  5357 | D:4      | Noticed Eustachio
  5370 | D:4      | Killed Eustachio
  5377 | D:4      | Reached XP level 7. HP: 40/57 MP: 9/12
  5534 | D:4      | HP: 4/57 [orc priest/divine providence (14)]
  5547 | D:4      | HP: 14/58 [orc/whip (3)]
  5846 | D:4      | Reached skill level 4 in Fighting
  6055 | D:4      | Reached skill level 4 in Transmutations
  6450 | D:5      | Entered Level 5 of the Dungeon
  6461 | D:5      | Found a glowing drain.
  6490 | Sewer    | Entered a sewer
  6814 | Sewer    | Reached skill level 4 in Dodging
  7502 | D:5      | Found Bine's Antique Weapon Emporium.
  7560 | D:5      | HP: 7/60 [centaur/arrow (12)]
  7698 | D:5      | HP: 10/60 [centaur (6)]
  7700 | D:5      | HP: 4/60 [centaur (7)]
  7967 | D:5      | Reached skill level 5 in Fighting
  7967 | D:5      | Reached XP level 8. HP: 19/68 MP: 6/13
  7983 | D:5      | HP: 17/68 [crimson imp (4)]
  8382 | D:5      | Reached skill level 5 in Transmutations
  8527 | D:5      | Reached skill level 5 in Dodging
  9575 | D:6      | HP: 17/70 [wight/great sword of freezing (1)]
  9601 | D:6      | Noticed Sigmund
  9877 | D:6      | Reached skill level 6 in Fighting
 10054 | D:6      | Killed Sigmund
 10054 | D:6      | Reached skill level 2 in Spellcasting
 10054 | D:6      | Reached XP level 9. HP: 62/75 MP: 7/15
 10062 | D:6      | Learned a level 5 spell: Blade Hands
 10240 | D:6      | Found Tang's Distillery.
 10244 | D:6      | Bought a potion of heal wounds for 75 gold pieces
 10244 | D:6      | Bought a potion of agility for 60 gold pieces
 10244 | D:6      | Bought a potion of might for 60 gold pieces
 10612 | D:6      | Identified Sairchat's Compendium of the Traveller and Curses
 10687 | D:6      | Reached skill level 6 in Unarmed Combat
 10687 | D:6      | Reached skill level 6 in Transmutations
 11357 | D:7      | Reached skill level 6 in Dodging
 11399 | D:7      | Noticed inmateoo's ghost (novice BaFi)
 11744 | D:7      | HP: 6/75 [inmateoo's ghost (14)]
 11745 | D:7      | Slain by inmateoo's ghost

Vault maps used:
D:1:      nicolae_arrival_washed_ashore
D:2:      serial_forest, infiniplex_forest_end_3, infiniplex_forest_zigzag_1,
          infiniplex_forest_clump_tiny, infiniplex_forest_lined_2,
          infiniplex_forest_straight_5, infiniplex_forest_clump_curved,
          infiniplex_forest_lined_room_2, nicolae_ru_great_annihilating_truth
D:4:      cheibrodos_quashed, hangedman_decor_peaks_small, uniq_eustachio,
          uniq_duvessa
D:5:      portal_sewer_entry_a, first_bread, serial_shops, shop,
          chequers_big_river
D:6:      serial_shops, nicolae_shop_behind_doors, uniq_sigmund
D:7:      minmay_temple_entry_butterflies
Sewer:    sewer_minmay_treatment

Skill      XL: |  1  2  3  4  5  6  7  8  9 |
---------------+----------------------------+-----
Unarmed Combat | 3 4 5 6 |  6.1
Fighting       | 1 2 3 5 6 |  6.1
Dodging        | 2 3 4 5 6 |  6.0
Transmutations | 2 3 4 5 6 |  6.2
Spellcasting   | 2 |  2.0

Action                   |  1- 3 |  4- 6 |  7- 9 || total
-------------------------+-------+-------+-------++-------
Melee: Unarmed           |   132 |   186 |   439 ||   757
       Kick              |     8 |    12 |       ||    20
       Headbutt          |     1 |     1 |       ||     2
       Punch             |     1 |     3 |     5 ||     9
 Cast: Beastly Appendage |    12 |    13 |       ||    25
       Spider Form       |       |    10 |    45 ||    55
       Sticks to Snakes  |       |     5 |    37 ||    42
       Blade Hands       |       |       |     2 ||     2
  Use: Scroll            |     2 |     7 |     7 ||    16
       Potion            |       |       |     2 ||     2
 Stab: Sleeping          |       |     2 |       ||     2
       Distracted        |       |       |     4 ||     4
  Eat: Chunk             |     2 |    14 |    17 ||    33
       Royal jelly       |       |       |     4 ||     4
       Bread ration      |       |       |     1 ||     1
Armor: Robe              |    37 |    34 |     6 ||    77
       Skin              |       |     8 |    15 ||    23
       Leather armour    |       |       |    19 ||    19
Dodge: Dodged            |    96 |   167 |   480 ||   743

Vault maps used:
D:1:      nicolae_arrival_washed_ashore
D:2:      serial_forest, infiniplex_forest_end_3, infiniplex_forest_zigzag_1,
          infiniplex_forest_clump_tiny, infiniplex_forest_lined_2,
          infiniplex_forest_straight_5, infiniplex_forest_clump_curved,
          infiniplex_forest_lined_room_2, nicolae_ru_great_annihilating_truth
D:4:      cheibrodos_quashed, hangedman_decor_peaks_small, uniq_eustachio,
          uniq_duvessa
D:5:      portal_sewer_entry_a, first_bread, serial_shops, shop,
          chequers_big_river
D:6:      serial_shops, nicolae_shop_behind_doors, uniq_sigmund
D:7:      minmay_temple_entry_butterflies
Sewer:    sewer_minmay_treatment

Table legend:
 A = Turns spent in this place as a percentage of turns spent in the entire game.
 B = Non-inter-level travel turns spent in this place as a percentage of non-inter-level travel turns spent in the entire game.
 C = Inter-level travel turns spent in this place as a percentage of turns spent in this place.
 D = Turns resting spent in this place as a percentage of non-inter-level travel turns spent in this place.
 E = Turns spent auto-exploring this place as a percentage of non-inter-level travel turns spent in this place.
 F = Non-inter-level travel turns spent in this place divided by the number of levels of this place that you've seen.
                   A       B       C       D       E      F
               +-------+-------+-------+-------+-------+----------------------
         Total | 100.0 | 100.0 |   0.3 |   3.3 |   6.0 | 573.8
       Dungeon |  87.6 |  87.5 |   0.3 |   3.4 |   5.4 | 574.0
         Sewer |  12.4 |  12.5 |   0.0 |   2.6 |  10.5 | 572.0
               +-------+-------+-------+-------+-------+----------------------

Table legend:
 A = Kills in this place as a percentage of kills in entire the game.
 B = Kills by you in this place as a percentage of kills by you in the entire game.
 C = Kills by friends in this place as a percentage of kills by friends in the entire game.
 D = Other kills in this place as a percentage of other kills in the entire game.
 E = Experience gained in this place as a percentage of experience gained in the entire game.
 F = Experience gained in this place divided by the number of levels of this place that you have seen.
                   A       B       C       D       E      F
               +-------+-------+-------+-------+-------+----------------------
         Total | 100.0 | 100.0 | 100.0 |  -nan | 100.0 | 486.9
       Dungeon |  78.8 |  79.2 |  73.7 |  -nan |  93.9 | 522.4
         Sewer |  21.2 |  20.8 |  26.3 |  -nan |   6.1 | 238.0
               +-------+-------+-------+-------+-------+----------------------
